Map: [ESL] Moondance

Players

Astrea - Winner!

  • Race: Protoss Protoss
  • Spawn Location: 6:00

Dark

  • Race: Zerg Zerg
  • Spawn Location: 12:00

Event: DreamHack SC2 Masters 2022 Valencia

VOD

Have the link to the VOD?

Description

Time

  • Played on: July 2, 2022, 9:05 a.m.
  • Length: 10:10

All games in this series

Show
View Real Time Build Order
Export as new Build Order

Astrea Protoss - Winner!

Build Orders: 1 Gate Expand, Mass Adepts 

Get SALT Encoding   

  12  0:00  Probe  
  13  0:12  Probe  
  14  0:20  Pylon  
  14  0:24  Probe  
  15  0:38  Probe (Chrono Boost)  
  15  0:41  Gateway  
  16  0:47  Probe (Chrono Boost)  
  16  0:49  Assimilator  
  17  0:52  Probe  
  18  1:04  Probe  
  19  1:16  Probe  
  20  1:24  Nexus  
  20  1:28  Probe  
  21  1:37  Cybernetics Core  
  21  1:41  Probe  
  21  1:46  Pylon  
  22  1:54  Probe (Chrono Boost)  
  23  1:55  Assimilator  
  23  2:06  Probe (Chrono Boost)  
  24  2:11  Adept (Chrono Boost)  
  24  2:14  Warp Gate  
  24  2:15  Probe (Chrono Boost)  
  27  2:20  Probe  
  28  2:25  Twilight Council  
  28  2:32  Probe  
  28  2:33  Stalker (Chrono Boost)  
  31  2:37  Probe  
  32  2:44  Probe  
  32  2:51  Probe  
  34  2:56  Probe  
  34  2:58  Robotics Facility  
  35  3:04  Gateway  
  35  3:08  Gateway  
  35  3:13  Probe x2  
  35  3:17  Adept  
  35  3:18  Resonating Glaives (Chrono Boost)  
  39  3:25  Probe x2  
  41  3:32  Gateway  
  41  3:38  Probe  
  43  3:41  Warp Prism (Chrono Boost)  
  43  3:46  Pylon  
  43  3:48  Probe  
  45  3:50  Probe  
  46  4:02  Pylon  
  46  4:04  Adept x3  
  52  4:10  Observer  
  52  4:16  Shield Battery  
  53  4:19  Gateway  
  53  4:26  Adept x4  
  61  4:32  Pylon, Probe  
  62  4:38  Pylon  
  62  4:51  Adept x3  
  69  4:53  Adept  
  69  4:55  Pylon  
  70  5:02  Nexus  
  70  5:09  Probe x2  
  72  5:17  Adept x3  
  78  5:22  Probe x2  
  80  5:40  Adept x3  
  86  5:49  Probe  
  81  5:51  Probe  
  72  5:57  Adept  
  72  6:01  Probe  
  72  6:03  Probe  
  60  6:05  Adept x2  
  60  6:06  Adept x2, Assimilator x2  
  60  6:10  Forge  
  68  6:12  Robotics Bay  
  68  6:13  Probe  
  68  6:14  Probe  
  68  6:15  Probe  
  70  6:25  Probe (Chrono Boost)  
  70  6:26  Observer  
  70  6:27  Probe (Chrono Boost)  
  70  6:28  Probe (Chrono Boost)  
  72  6:37  Blink  
  72  6:38  Probe (Chrono Boost)  
  72  6:39  Probe (Chrono Boost)  
  75  6:41  Pylon  
  75  6:42  Gateway, Assimilator  
  75  6:43  Stalker, Gateway  
  75  6:44  Probe (Chrono Boost)  
  75  6:45  Probe (Chrono Boost)  
  75  6:46  Protoss Ground Weapons Level 1 (Chrono Boost), Probe (Chrono Boost)  
  79  6:51  Probe  
  79  6:52  Probe  
  79  6:54  Probe  
  81  7:00  Disruptor (Chrono Boost)  
  88  7:03  Probe  
  86  7:11  Gateway  
  86  7:13  Pylon  
  86  7:21  Stalker x4  
  94  7:25  Disruptor (Chrono Boost)  
  97  7:34  Nexus  
  97  7:36  Pylon  
  97  7:41  Probe  
  97  7:42  Probe x2  
  100  7:45  Pylon  
  100  7:51  Colossus (Chrono Boost)  
  100  7:54  Probe x3  
  105  8:06  Probe x3  
  105  8:08  Photon Cannon  
  105  8:10  Assimilator  
  105  8:12  Stalker x4, Shield Battery, Assimilator  
  116  8:18  Probe x3  
  115  8:30  Probe x3  
  118  8:34  Pylon  
  118  8:35  Pylon  
  118  8:38  Colossus (Chrono Boost)  
  118  8:39  Observer, Gateway  
  124  8:41  Gateway  
  124  8:42  Stalker x2, Probe  
  129  8:51  Probe x3  
  129  8:55  Observer  
  132  8:57  Pylon  
  132  8:59  Pylon, Probe  
  133  9:04  Probe x2  
  133  9:07  Observer  
  133  9:09  Stalker x4  
  143  9:12  Pylon  
  143  9:13  Pylon  
  143  9:24  Dark Shrine  
  143  9:26  Observer  
  143  9:29  Pylon  
  144  9:34  Stalker  
  144  9:35  Stalker x4  
  154  9:44  Stalker x4  
  149  10:04  Stalker x5  
  151  10:07  Stalker  
Show
View Real Time Build Order
Export as new Build Order

Dark Zerg 

Build Orders: Hatch First, Zergling Baneling 

Get SALT Encoding   

  12  0:00  Drone  
  13  0:12  Overlord  
  13  0:17  Drone  
  14  0:30  Drone x2  
  17  0:35  Drone  
  17  0:51  Hatchery  
  17  0:55  Drone  
  17  0:58  Drone  
  18  1:09  Extractor  
  17  1:14  Spawning Pool  
  17  1:18  Drone  
  17  1:21  Drone  
  18  1:28  Drone  
  19  1:39  Drone  
  20  1:49  Drone  
  21  2:02  Queen, Zergling x2  
  21  2:03  Queen, Zergling x2  
  27  2:09  Metabolic Boost  
  27  2:11  Overlord  
  27  2:16  Drone  
  28  2:29  Drone  
  29  2:30  Drone  
  29  2:33  Drone  
  31  2:38  Hatchery  
  31  2:43  Drone  
  31  2:49  Queen  
  33  2:55  Overlord  
  34  2:58  Drone  
  34  3:05  Extractor  
  33  3:09  Drone x3  
  33  3:12  Overlord  
  36  3:15  Drone x2  
  38  3:25  Baneling Nest  
  37  3:27  Zergling x6  
  37  3:29  Zergling x2  
  41  3:38  Zergling x2  
  42  3:44  Zergling x2  
  42  3:45  Zergling x10  
  42  3:47  Zergling x2  
  49  3:50  Zergling x2  
  49  3:54  Zergling x2  
  51  3:56  Zergling x4  
  51  3:59  Spore Crawler  
  52  4:11  Baneling x7  
  52  4:13  Baneling x3  
  52  4:14  Zergling x2  
  52  4:17  Drone  
  52  4:19  Drone  
  52  4:22  Drone  
  52  4:23  Drone  
  54  4:25  Drone  
  54  4:29  Overlord  
  55  4:32  Drone  
  55  4:36  Overlord  
  56  4:39  Drone  
  56  4:42  Overlord  
  57  4:47  Spore Crawler  
  57  4:48  Drone  
  57  4:50  Drone  
  58  4:54  Drone x2  
  58  4:55  Drone  
  58  4:57  Drone  
  58  4:59  Drone  
  63  5:02  Drone  
  63  5:03  Drone  
  65  5:08  Roach Warren  
  65  5:10  Drone x2  
  65  5:12  Drone  
  65  5:13  Drone  
  68  5:20  Spore Crawler  
  67  5:22  Zergling x8  
  69  5:33  Zergling x2  
  69  5:34  Zergling x8  
  71  5:42  Baneling x9  
  66  5:54  Zergling x8  
  59  5:57  Zergling x2  
  59  5:58  Zergling x2  
  59  6:04  Roach  
  59  6:07  Roach  
  59  6:08  Zergling x2  
  62  6:11  Roach  
  62  6:12  Roach  
  62  6:17  Roach x2  
  68  6:20  Drone  
  68  6:23  Drone x2  
  71  6:28  Drone  
  71  6:29  Drone  
  71  6:31  Drone  
  74  6:35  Queen  
  74  6:38  Drone  
  74  6:39  Queen  
  79  6:45  Overlord  
  79  6:46  Drone x2  
  81  6:51  Overlord  
  81  6:53  Overlord  
  81  6:59  Lair  
  81  7:00  Overlord  
  81  7:03  Overlord  
  81  7:04  Drone x2  
  81  7:05  Drone x2  
  85  7:10  Drone  
  85  7:11  Evolution Chamber  
  85  7:14  Drone  
  85  7:15  Drone  
  86  7:18  Drone  
  87  7:23  Drone  
  87  7:28  Drone  
  89  7:30  Drone  
  89  7:31  Drone  
  89  7:34  Extractor  
  89  7:35  Drone x3, Extractor, Hatchery  
  91  7:38  Drone x3  
  91  7:41  Zerg Missile Weapons Level 1  
  91  7:43  Roach x2  
  98  7:45  Roach  
  98  7:49  Drone  
  101  7:53  Extractor  
  101  7:54  Extractor  
  97  8:00  Drone x2  
  97  8:02  Drone x2  
  97  8:03  Drone x5  
  97  8:05  Drone  
  104  8:07  Glial Reconstitution  
  104  8:10  Drone  
  104  8:12  Drone x2  
  107  8:19  Drone  
  107  8:23  Drone x3  
  107  8:25  Overseer  
  108  8:27  Overlord  
  108  8:29  Roach x3  
  108  8:30  Roach  
  116  8:36  Ravager x2  
  116  8:37  Overlord  
  116  8:40  Roach x2  
  122  8:41  Overlord  
  122  8:46  Infestation Pit  
  121  8:50  Drone  
  121  8:51  Drone x4  
  121  8:53  Drone  
  127  8:58  Drone x3  
  130  9:03  Roach x4  
  130  9:04  Ravager  
  130  9:05  Ravager x2  
  130  9:07  Roach x3, Hatchery  
  130  9:08  Drone  
  130  9:09  Ravager x2  
  149  9:12  Drone x2  
  149  9:13  Extractor x2  
  149  9:15  Ravager, Overseer  
  150  9:22  Drone  
  150  9:24  Drone x2, Hydralisk Den  
  150  9:26  Overlord  
  151  9:31  Overlord  
  151  9:32  Overlord  
  151  9:35  Overlord  
  151  9:45  Overseer  

Tags
 
Add a new tag
Caveats
  • Supply blocks, unpowered buildings, or Contaminate may cause inaccurate times.
  • Supply counts are checked every 10 seconds.